 Dungeon Crawl Stone Soup version 0.23-a0-644-gb60d84b635 (webtiles) character file.

416 Mazzaar the Digger (level 6, -2/42 HPs)
             Began as a Gargoyle Earth Elementalist on Jan 2, 2019.
             Slain by a leopard gecko (4 damage)
             ... on level 4 of the Dungeon.
             The game lasted 00:13:07 (3609 turns).

Mazzaar the Digger (Gargoyle Earth Elementalist)    Turns: 3609, Time: 00:13:08

Health: -2/42      AC: 12    Str: 21    XL:     6   Next: 92%
Magic:  2/12       EV: 12    Int: 20    God:
Gold:   203        SH:  0    Dex: 10    Spells: 4/13 levels left

rFire    . . .     SeeInvis .   k - +3 dagger (drain)
rCold    . . .     Gourm    .   (no shield)
rNeg     + + .     Faith    .   c - +1 robe
rPois    ∞         Spirit   .   p - +0 helmet
rElec    +         Reflect  .   j - +2 cloak {+Inv}
rCorr    .         Harm     .   (no gloves)
MR       .....                  q - +0 pair of boots
Stlth    ..........             (no amulet)
HPRegen  0.14/turn              e - ring of positive energy
MPRegen  0.13/turn              l - +5 ring of strength

@: berserking (expiring), very quick
A: clever 1, frail 1, negative energy resistance 1, electricity resistance,
unbreathing, petrification resistance, rot immunity, AC +4
a: Evoke Invisibility


You were on level 4 of the Dungeon.
You were hungry.

You visited 1 branch of the dungeon, and saw 4 of its levels.

You collected 203 gold pieces.

Inventory:

Hand Weapons
 a - a +2 dagger of electrocution
 i - a +0 flail
 k - a +3 dagger of draining (weapon)
 o - a +1 falchion of slicing
Missiles
 b - 127 stones (quivered)
Armour
 c - a +1 robe (worn)
 j - a +2 cloak of invisibility (worn)
 p - a +0 helmet (worn)
 q - a +0 pair of boots (worn)
Jewellery
 e - a ring of positive energy (left hand)
 l - a +5 ring of strength (right hand)
Scrolls
 f - 3 scrolls of teleportation
 m - a scroll of remove curse
 s - a scroll of enchant weapon
Potions
 g - a potion of cancellation {unknown}
 h - 2 potions of haste
 r - 3 potions of curing
Comestibles
 d - 7 rations
 t - 3 chunks of flesh


   Skills:
 - Level 1.5 Dodging
 - Level 2.1 Stealth
 + Level 4.1 Spellcasting
 + Level 3.6 Conjurations
   Level 0.7 Transmutations
 + Level 6.2 Earth Magic


You had 4 spell levels left.
You knew the following spells:

 Your Spells              Type           Power        Failure   Level  Hunger
a - Sandblast             Erth           ####..       1%          1    None
b - Stone Arrow           Conj/Erth      ###...       4%          3    ###....
c - Lee's Rapid Deconstr  Erth           ####......   26%         5    ######.

Your spell library contained the following spells:

 Spells                   Type           Power        Failure   Level  Hunger
 Passwall                 Tmut/Erth      ###.....     4%          2    #......
 Petrify                  Tmut/Erth      ###.....     30%         4    ####...


Dungeon Overview and Level Annotations

Branches:
Dungeon (4/15)
 Temple: D:4-7

Altars:
Qazlal


Innate Abilities, Weirdness & Mutations

You are resistant to torment.
Your stone body is resilient. (AC +4)
You are immune to poison.
You resist negative energy. (rN+)
You are resistant to electric shocks. (rElec)
You can survive without breathing.
You are immune to petrification.
You are immune to rotting.
Your mind is acute. (Int +2)
You are frail. (-10% HP)


Message History

The orc priest is severely wounded.
The orc hits you.
* * * LOW HITPOINT WARNING * * *
You hit the orc priest. You drain the orc priest!
You kill the orc priest!
The orc closely misses you.
You puncture the orc!
You kill the orc!
You see here a +0 leather armour.
You feel a strong urge to attack something.
The leopard gecko misses you.
You see here a +0 dagger.
You closely miss the leopard gecko. The leopard gecko bites you.
* * * LOW HITPOINT WARNING * * *
You miss the leopard gecko. The leopard gecko bites you.
* * * LOW HITPOINT WARNING * * *
You hit the leopard gecko.
The leopard gecko is severely wounded.
The leopard gecko bites you.
You die...

# ###.## # #....# ...... ..
[....# .....# #. ..... ...###
#.. #... .# ... #... #)) ##.
#...# #l#.# ... #....##@#.# ...
#.....)[#.##### ...
#....#.......... ...
#......##.####.# ...
##.##...#.# ..### .....
#.#..#.#(###...........
#.#.##....#............
#########...###.)..............
#..........####................


You could see a leopard gecko.

Vanquished Creatures
  An ice beast (D:2)
  2 orc priests (D:4)
  Crazy Yiuf (D:2)
  A hound (D:4)
  2 orc wizards
  Robin (D:4)
  2 adders (D:3)
  An ooze (D:1)
  An adder skeleton (D:4)
  3 worms
  3 dart slugs
  3 leopard geckos
  18 orcs
  3 giant cockroaches
  12 goblins
  8 hobgoblins
  3 jackals (D:2)
  7 bats
  3 frilled lizards
  4 kobolds (D:2)
  6 rats
85 creatures vanquished.

Vanquished Creatures (others)
  A frilled lizard (D:2)
1 creature vanquished.

Grand Total: 86 creatures vanquished

Notes
Turn   | Place    | Note
-------+----------+-------------------------------------------
     0 | D:1      | Mazzaar the Gargoyle Earth Elementalist began the quest for
                  | the Orb.
     0 | D:1      | Reached XP level 1. HP: 10/10 MP: 3/3
    34 | D:1      | Reached XP level 2. HP: 15/15 MP: 5/5
    60 | D:1      | Reached skill level 4 in Earth Magic
   905 | D:2      | Noticed an earth elemental
   906 | D:2      | Found a stormy altar of Qazlal.
   908 | D:2      | Noticed an air elemental
   909 | D:2      | Noticed a fire elemental
   909 | D:2      | Noticed a water elemental
  1001 | D:2      | Reached XP level 3. HP: 16/19 MP: 4/6
  1006 | D:2      | Learned a level 3 spell: Stone Arrow
  1401 | D:2      | Found a runed door.
  1405 | D:2      | Noticed Crazy Yiuf
  1411 | D:2      | Killed Crazy Yiuf
  1411 | D:2      | Reached skill level 1 in Conjurations
  1411 | D:2      | Reached XP level 4. HP: 18/24 MP: 2/8
  1728 | D:2      | Noticed an ice beast
  1734 | D:2      | Killed an ice beast
  1734 | D:2      | Reached skill level 5 in Earth Magic
  1734 | D:2      | Reached XP level 5. HP: 28/28 MP: 2/10
  1741 | D:2      | Learned a level 5 spell: Lee's Rapid Deconstruction
  2599 | D:3      | Reached XP level 6. HP: 31/32 MP: 11/11
  3281 | D:4      | Noticed Robin
  3285 | D:4      | Killed Robin
  3303 | D:4      | Reached skill level 6 in Earth Magic
  3457 | D:4      | Gained mutation: You are frail. (-10% HP) [potion of
                  | mutation]
  3457 | D:4      | Gained mutation: Your mind is acute. (Int +2) [potion of
                  | mutation]
  3608 | D:4      | HP: 2/42 [leopard gecko (1)]
  3609 | D:4      | Slain by a leopard gecko

Vault maps used:
D:1:      dpeg_arrival_arbitrary_b, serial_bayou_pond_b, patterned_corridor
D:2:      minmay_wonky_spiral, nicolae_qazlal_style_of_elements, first_ration,
          minmay_misc_feat_x, minmay_crystal_water, uniq_crazy_yiuf_cottage
D:3:      hangedman_decor_peaks_small
D:4:      lemuel_doored_altar, uniq_robin

Skill      XL: |  1  2  3  4  5  6 |
---------------+-------------------+-----
Earth Magic    | 4 5 6 |  6.2
Spellcasting   | 3 4 |  4.1
Conjurations   | 1 2 3 |  3.6
Dodging        | |  1.5
Stealth        | |  2.1
Transmutations | |  0.7

Action                   |  1- 3 |  4- 6 || total
-------------------------+-------+-------++-------
Melee: Spear             |    99 |   117 ||   216
       Dagger            |       |    71 ||    71
 Cast: Sandblast         |    12 |    20 ||    32
       Stone Arrow       |       |     2 ||     2
       Lee's Rapid Decon |       |     3 ||     3
  Use: Scroll            |     5 |     7 ||    12
       Potion            |       |     3 ||     3
 Stab: Sleeping          |     2 |     3 ||     5
  Eat: Chunk             |     2 |     4 ||     6
       Ration            |       |     1 ||     1
Armor: Robe              |    31 |    80 ||   111
Dodge: Dodged            |    61 |   129 ||   190

Table legend:
 A = Non-vault XP
 B = Vault XP
 C = Vault XP percentage of total XP
 D = Non-vault monster count
 E = Vault monster count
 F = Vault count percentage of total count
                 A         B        C        D         E       F
            +---------+---------+-------+---------+---------+-------
      Total |     510 |      85 |  14.3 |      70 |      16 |  18.6
            +---------+---------+-------+---------+---------+-------
        D:1 |      15 |       0 |   0.0 |       7 |       0 |   0.0
        D:2 |     178 |      50 |  21.9 |      25 |       4 |  13.8
        D:3 |     114 |       0 |   0.0 |      23 |       0 |   0.0
        D:4 |     203 |      35 |  14.7 |      15 |      12 |  44.4
            +---------+---------+-------+---------+---------+-------
